 Dungeon Crawl Stone Soup version 0.21.1-1-g345015f (webtiles) character file.

1200 RudyRod the Skirmisher (level 8, -4/84 HPs)
             Began as an Ogre Fighter on Apr 14, 2018.
             Slain by an iguana (7 damage)
             ... on level 6 of the Dungeon.
             The game lasted 00:25:53 (6741 turns).

RudyRod the Skirmisher (Ogre Fighter)               Turns: 6741, Time: 00:25:53

Health: -4/84      AC:  5    Str: 24      XL:     8   Next: 44%
Magic:  7/7        EV: 10    Int:  9      God:
Gold:   244        SH:  9    Dex: 11 (16) Spells: 7/7 levels left

rFire    . . .     SeeInvis .   a - +0 long sword
rCold    . . .     Gourm    +   c - +0 shield
rNeg     . . .     Faith    .   b - +0 robe
rPois    .         Spirit   .   (helmet restricted)
rElec    .         Reflect  .   t - +1 cloak
rCorr    .         Harm     .   (gloves unavailable)
MR       .....                  (boots unavailable)
Stlth    ++........             m - amulet of the gourmand
HPRegen  0.24/turn              r - +5 ring of dexterity
MPRegen  0.10/turn              z - ring of flight

@: no status effects
A: large, unfitting armour, agile 1, low mp 1, strong 1, tough skin 1, wild
magic 1
a: Evoke Flight


You were on level 6 of the Dungeon.
You were hungry.

You visited 2 branches of the dungeon, and saw 7 of its levels.

You collected 244 gold pieces.

Inventory:

Hand Weapons
 a - a +0 long sword (weapon)
 h - a +0 short sword of freezing
 k - a +1 vampiric trident
 u - a +0 giant club
Armour
 b - a +0 robe (worn)
 c - a +0 shield (worn)
 n - a scarf of spirit shield
 t - a +1 cloak (worn)
Jewellery
 m - an amulet of the gourmand (around neck)
 r - a +5 ring of dexterity (left hand)
 z - a ring of flight (right hand)
Wands
 v - a wand of iceblast (9)
 w - a wand of digging (9)
 D - a wand of polymorph (4)
Scrolls
 d - a scroll of magic mapping {unknown}
 e - a scroll of fog {unknown}
 g - a scroll of immolation {unknown}
 i - a scroll of fear {unknown}
 j - 3 scrolls of remove curse {unknown}
 l - 2 scrolls of enchant armour
 o - a scroll of blinking {unknown}
 p - 3 scrolls of identify {unknown}
 y - a scroll of teleportation {unknown}
 A - a scroll of amnesia {unknown}
 C - 2 scrolls of torment {unknown}
Potions
 q - 2 potions of resistance
 s - a potion of curing
Comestibles
 f - 3 rations


   Skills:
 + Level 6.8 Fighting
 + Level 6.0 Long Blades
 - Level 0.2 Armour
 + Level 4.5 Dodging
 + Level 1.6 Stealth
 + Level 4.4 Shields
 + Level 0.1 Evocations


You had 7 spell levels left.
You didn't know any spells.

Dungeon Overview and Level Annotations

Branches:
Dungeon (6/15)             Temple (1/1) D:5

Altars:
Ashenzari
Cheibriados
Dithmenos
Elyvilon
Fedhas
Gozag
Hepliaklqana
Kikubaaqudgha
Makhleb
Nemelex Xobeh
Ru
Sif Muna
Trog
Uskayaw
Vehumet
Wu Jian
Xom
Yredelemnul
The Shining One

Shops:
D:5 [

Annotations:
D:4 bmj180's ghost, novice HaFi
D:6 Eustachio


Innate Abilities, Weirdness & Mutations

You are too large for most types of armour.
You have tough skin. (AC +1)
You are agile. (Dex +2)
Your magical capacity is low. (-10% MP)
Your muscles are strong. (Str +2)
Your spells are a little harder to cast, but a little more powerful.


Message History

Eustachio gestures wildly while chanting.
The quokka barely misses you.
You riposte.
Your shield prevents you from hitting the quokka.
The rat bites you but does no damage. The iguana bites you!
* * * LOW HITPOINT WARNING * * *
The quasit barely misses you.
You riposte.
You closely miss the quasit.
The quasit is heavily wounded.
You block the quasit's attack. The quasit completely misses you.
You closely miss the quasit.
The quasit is heavily wounded.
The bat barely misses you.
You riposte.
You slash the bat!
You kill the bat!
The bat's corpse disappears in a puff of smoke!
Eustachio mumbles some strange words.
Eustachio blinks!
You block the quokka's attack. The rat closely misses you.
You riposte.
You slash the rat!
You kill the rat!
The rat's corpse disappears in a puff of smoke!
The iguana bites you!
You die...

#............#
###.##.......#
#.##.......#
#.##.......#
#.##@......########
#.##.5............#
#..#r#..#.........#
#.#5#5##.........#
#..@§..#.........#
##§rl..#.........#
#.>...#.........#
###...###########
#...# ...## ...#
...# ..#.#


You could see Eustachio, an iguana, a quasit, a river rat, a white imp, a shadow
imp and a quokka.

Vanquished Creatures
  3 ice beasts
  3 ogres
  A bullfrog (D:6)
  2 crimson imps (D:5)
  Crazy Yiuf (D:4)
  A bullfrog skeleton (D:4)
  An iguana (D:4)
  Jessica (D:2)
  7 worker ants
  A hound zombie (D:5)
  A hound skeleton (D:5)
  Robin (D:4)
  8 adders
  An ooze (D:2)
  5 worms
  5 dart slugs
  3 leopard geckos
  13 orcs
  6 giant cockroaches
  13 goblins
  12 hobgoblins
  3 jackals (D:2)
  2 quokkas
  3 ball pythons
  10 bats
  4 frilled lizards
  9 kobolds
  11 rats
131 creatures vanquished.

Notes
Turn   | Place    | Note
-------+----------+-------------------------------------------
     0 | D:1      | RudyRod the Ogre Fighter began the quest for the Orb.
     0 | D:1      | Reached XP level 1. HP: 24/24 MP: 1/1
   216 | D:1      | Reached XP level 2. HP: 28/32 MP: 2/2
   535 | D:1      | Reached XP level 3. HP: 23/39 MP: 3/3
  1113 | D:2      | Reached XP level 4. HP: 15/49 MP: 4/4
  1385 | D:2      | Noticed Jessica
  1390 | D:2      | Killed Jessica
  1623 | D:2      | Reached XP level 5. HP: 55/55 MP: 5/5
  1870 | D:3      | Found a shattered altar of Ashenzari.
  2098 | D:3      | HP: 1/55 [worm (8)]
  2099 | D:3      | Gained mutation: Armour fits poorly on your strangely shaped body. [potion of mutation]
  2099 | D:3      | Gained mutation: You are resistant to electric shocks. (rElec) [potion of mutation]
  2099 | D:3      | Gained mutation: You are agile. (Dex +2) [potion of mutation]
  2456 | D:3      | Reached skill level 5 in Fighting
  2467 | D:3      | Lost mutation: Armour fits poorly on your strangely shaped body. [potion of mutation]
  2467 | D:3      | Lost mutation: You are resistant to electric shocks. (rElec) [potion of mutation]
  2467 | D:3      | Gained mutation: Your muscles are strong. (Str +2) [potion of mutation]
  2467 | D:3      | Gained mutation: Your magical capacity is low. (-10% MP) [potion of mutation]
  2467 | D:3      | Gained mutation: Your spells are a little harder to cast, but a little more powerful. [potion of mutation]
  2792 | D:3      | Reached XP level 6. HP: 41/66 MP: 5/5
  3442 | D:4      | Noticed bmj180's ghost (novice HaFi)
  3464 | D:4      | HP: 3/66 [bmj180's ghost (11)]
  4295 | D:4      | Reached XP level 7. HP: 28/74 MP: 2/6
  4518 | D:4      | Found a runed door.
  4522 | D:4      | Noticed Crazy Yiuf
  4551 | D:4      | Killed Crazy Yiuf
  4893 | D:4      | Noticed Robin
  4928 | D:4      | Killed Robin
  5263 | D:4      | Found a snail-covered altar of Cheibriados.
  5264 | D:4      | Found a glowing golden altar of the Shining One.
  5563 | D:5      | Entered Level 5 of the Dungeon
  5666 | D:5      | Found a staircase to the Ecumenical Temple.
  5690 | D:5      | Reached skill level 1 in Stealth
  5698 | Temple   | Entered the Ecumenical Temple
  5853 | D:5      | Reached skill level 5 in Long Blades
  5993 | D:5      | Reached XP level 8. HP: 84/84 MP: 7/7
  6123 | D:5      | Found Rextet's Antique Armour Shop.
  6493 | D:6      | Found a hide-covered altar of Uskayaw.
  6697 | D:6      | Noticed Eustachio
  6740 | D:6      | HP: 2/84 [iguana (8)]
  6741 | D:6      | Slain by an iguana

Skill      XL: |  1  2  3  4  5  6  7  8 |
---------------+-------------------------+-----
Long Blades    | 2 3 4 5 6 |  6.0
Dodging        | 3 4 |  4.5
Shields        | 3 4 |  4.4
Fighting       | 5 6 |  6.8
Stealth        | 1 |  1.6
Armour         | |  0.2
Evocations     | |  0.1

Action                   |  1- 3 |  4- 6 |  7- 9 || total
-------------------------+-------+-------+-------++-------
Melee: Long sword        |   123 |   238 |   178 ||   539
       Unarmed           |       |       |     1 ||     1
Evoke: Wand              |       |       |     3 ||     3
  Use: Potion            |       |     8 |     5 ||    13
       Scroll            |       |       |     1 ||     1
 Stab: Sleeping          |       |       |     2 ||     2
  Eat: Chunk             |     1 |     8 |     5 ||    14
       Ration            |       |     1 |     1 ||     2
Armor: Robe              |    45 |    36 |    91 ||   172
Dodge: Dodged            |    59 |    96 |   132 ||   287
Block: Shield            |    68 |    91 |   142 ||   301
       Rpst.: Long sword |    15 |    38 |    40 ||    93
